 Dungeon Crawl Stone Soup version 0.25.0-3-gd7cc5688da (console) character file.

Game seed: 11774209786200013064

752 Garrluk the Slasher (level 8, -1/58 HPs)
             Began as a Formicid Fighter on June 15, 2020.
             Was an Initiate of Okawaru.
             Slain by an orc warrior
             ... wielding a +0 scimitar
              (19 damage)
             ... on level 5 of the Dungeon.
             The game lasted 00:20:00 (3080 turns).

Garrluk the Slasher (Formicid Fighter)              Turns: 3080, Time: 00:20:01

Health: -1/58      AC:  9    Str: 23    XL:     8   Next: 6%
Magic:  8/8        EV:  6    Int:  8    God:    Okawaru [......]
Gold:   190        SH:  9    Dex: 10    Spells: 7/7 levels left

rFire    . . .     SeeInvis +   a - +0 long sword
rCold    . . .     Gourm    .   c - +0 kite shield
rNeg     . . .     Faith    .   u - +0 chain mail
rPois    .         Spirit   .   (helmet unavailable)
rElec    .         Reflect  .   (no cloak)
rCorr    .         Harm     .   (no gloves)
MR       .....                  (no boots)
Stlth    ..........             p - amulet of magic regeneration
HPRegen  0.19/turn              (no ring)
MPRegen  0.36/turn              (no ring)

@: no status effects
A: permanent stasis, dig shafts and tunnels, four strong arms, antennae 3
a: Dig, Shaft Self, Renounce Religion


You were on level 5 of the Dungeon.
You worshipped Okawaru.
Okawaru was noncommittal.
You were not hungry.

You visited 1 branch of the dungeon, and saw 5 of its levels.

You collected 190 gold pieces.

Inventory:

Hand Weapons
 a - a +0 long sword (weapon)
Missiles
 e - 18 boomerangs (quivered)
 q - 4 silver boomerangs
 t - 38 poisoned darts
Armour
 c - a +0 kite shield (worn)
 u - a +0 chain mail (worn)
Jewellery
 g - an uncursed ring of magical power
 l - an uncursed ring of fire
 p - an amulet of magic regeneration (around neck)
Scrolls
 h - 6 scrolls of identify {unknown}
 i - 2 scrolls of remove curse {unknown}
 j - a scroll of random uselessness {unknown}
 m - a scroll of enchant weapon {unknown}
 o - a scroll of noise {unknown}
 r - a scroll of enchant armour {unknown}
 w - a scroll of amnesia {unknown}
Potions
 d - a potion of mutation {unknown}
 k - a potion of invisibility {unknown}
 n - a potion of resistance {unknown}
 s - 3 potions of curing {unknown}
 v - a potion of lignification {unknown}
Comestibles
 b - 5 chunks of flesh
 f - 5 rations


   Skills:
 - Level 3.2 Fighting
 * Level 7.6 Long Blades
 + Level 3.7 Throwing
 - Level 3.2 Armour
 - Level 3.6 Shields


You had 7 spell levels left.
You didn't know any spells.
Your spell library was empty.

Dungeon Overview and Level Annotations

Branches:
Dungeon (5/15)
 Temple: D:4-7

Altars:
Dithmenos
Fedhas
Nemelex Xobeh
Okawaru
Uskayaw
Yredelemnul


Innate Abilities, Weirdness & Mutations

You cannot be hasted, slowed, berserked, paralysed or teleported.
You can dig through walls and to a lower floor.
Your four strong arms can wield two-handed weapons with a shield.
You have a pair of large antennae on your head. (SInv)


Message History

Your chain mail prevents you from hitting the orc.
You block the orc's attack.
You closely miss the orc. The orc barely misses you.
You riposte.
You hit the orc.
The orc is almost dead.
You slash the orc!
You kill the orc!
Okawaru accepts your kill.
You hit the orc warrior.
The orc warrior is lightly wounded.
You block the orc warrior's attack.
You closely miss the orc warrior.
The orc warrior is lightly wounded.
You block the orc warrior's attack.
You slash the orc warrior!
The orc warrior is heavily wounded.
The orc warrior hits you with a +0 scimitar!
You barely miss the orc warrior.
The orc warrior is heavily wounded.
The orc warrior hits you with a +0 scimitar!!
You die...

..... o... {{{{##
...# ..# #.##
############o.##..
#@#{#.#)#{{{{..o..
##o#.#.#..###.....
########.# #...[.
######...(###.....
#<..##.#.†((......
#...........#.....
#..........##.....
#.................
#...##........)..#
#...##...........#
#...##.######..##


You could see an orc warrior.

Vanquished Creatures
  Sigmund (D:3)
  A centaur (D:5)
  A bullfrog skeleton (D:3)
  4 orc wizards (D:3)
  Jessica (D:3)
  Terence (D:3)
  A worker ant (D:4)
  2 hound zombies
  Robin (D:3)
  7 adders
  2 oozes
  3 worms
  6 dart slugs
  A leopard gecko (D:2)
  26 orcs
  2 ball pythons
  7 giant cockroaches
  9 hobgoblins
  16 jackals
  11 kobolds
  A quokka (D:2)
  4 bats
  8 frilled lizards
  26 goblins
  8 rats
150 creatures vanquished.

Notes
Turn   | Place    | Note
-------+----------+-------------------------------------------
     0 | D:1      | Garrluk the Formicid Fighter began the quest for the Orb.
     0 | D:1      | Reached XP level 1. HP: 18/18 MP: 1/1
    55 | D:1      | Reached XP level 2. HP: 24/24 MP: 2/2
    90 | D:1      | You fall into a shaft and drop 1 floor!
   164 | D:1      | Reached skill level 3 in Long Blades
   195 | D:1      | Reached XP level 3. HP: 28/29 MP: 3/3
   430 | D:1      | Reached skill level 4 in Long Blades
   430 | D:1      | Reached XP level 4. HP: 35/35 MP: 4/4
   889 | D:2      | Reached XP level 5. HP: 26/41 MP: 5/5
  1029 | D:2      | Found a blossoming altar of Fedhas.
  1116 | D:3      | Reached skill level 5 in Long Blades
  1398 | D:3      | Noticed Jessica
  1399 | D:3      | Noticed Sigmund
  1453 | D:3      | Noticed Robin
  1468 | D:2      | You fall into a shaft and drop 1 floor!
  1799 | D:3      | Reached skill level 1 in Throwing
  1882 | D:3      | Reached XP level 6. HP: 40/47 MP: 6/6
  1919 | D:3      | Killed Jessica
  1929 | D:3      | Reached skill level 6 in Long Blades
  2005 | D:3      | Found a shadowy altar of Dithmenos.
  2046 | D:3      | Killed Robin
  2055 | D:3      | Reached XP level 7. HP: 45/52 MP: 7/7
  2215 | D:3      | Killed Sigmund
  2227 | D:3      | Reached skill level 7 in Long Blades
  2250 | D:3      | Noticed Terence
  2268 | D:3      | Killed Terence
  2740 | D:4      | Found a basalt altar of Yredelemnul.
  2741 | D:4      | Found a sparkling altar of Nemelex Xobeh.
  2741 | D:4      | Found an iron altar of Okawaru.
  2742 | D:4      | Found a hide-covered altar of Uskayaw.
  2752 | D:4      | Became a worshipper of Warmaster Okawaru
  3011 | D:5      | Entered Level 5 of the Dungeon
  3049 | D:5      | Reached XP level 8. HP: 21/58 MP: 8/8
  3080 | D:5      | Slain by an orc warrior

Illustrated notes

Levels and vault maps discovered:
D:1:      dpeg_arrival_rooms_c, layout_basic
D:2:      layout_basic, minmay_misc_feat_iff, fedhas_ov_isle_minmay
D:3:      layout_basic, nicolae_dithmenos_shadow_blocks, hex_intersection,
          uniq_robin, uniq_terence, uniq_sigmund, uniq_jessica
D:4:      kennysheep_the_goblin_king, layout_loops_ring,
          chequers_temple_overflow_statue_of_worship, minmay_misc_feat_x,
          st_stairs_6
D:5:      layout_rooms, temple_green, first_ration

Skill      XL: |  1  2  3  4  5  6  7 |
---------------+----------------------+-----
Long Blades    | 3 4 5 6 7 |  7.6
Throwing       | 1 2 3 |  3.7
Fighting       | |  3.2
Armour         | |  3.2
Shields        | |  3.6

Action                   |  1- 3 |  4- 6 |  7- 9 || total
-------------------------+-------+-------+-------++-------
Melee: Long sword        |    86 |   323 |   106 ||   515
Throw: Boomerang         |    20 |     5 |     9 ||    34
       Dart              |       |     2 |     1 ||     3
 Abil: Dig               |     1 |     8 |    35 ||    44
       Shaft Self        |       |     1 |       ||     1
  Use: Potion            |       |       |     1 ||     1
  Eat: Chunk             |       |     7 |     6 ||    13
Armor: Scale mail        |    43 |   102 |       ||   145
       Chain mail        |       |    17 |    30 ||    47
Dodge: Dodged            |    24 |    87 |    13 ||   124
Block: Kite shield       |    40 |   162 |    33 ||   235
       Rpst.: Long sword |     9 |    21 |     6 ||    36
